ORI
UNIVERSITY OF CONNETICUT HUSKIES @ UNIVERSITY OF ALABAMA CRIMSON TIDE
12/11/2045
 
TOP OF THE 1ST
University of Conneticut Huskies batting - Pitching for University of Alabama Crimson Tide : RHP Jeff van Schaik
Pitching: RHP Jeff van Schaik
Batting: RHB Hugo Priego 0-0: Foul Ball, location: 2F
0-1: Ball
1-1: Swinging Strike
1-2: Ball
2-2: Ball
3-2: Foul Ball, location: 2F
3-2: Fly out, F8 (Flyball, 8RD, EV 96.2 MPH)
Batting: RHB Alejandro Collazo 0-0: Ground out 5-3 (Groundball, 56S, EV 88.8 MPH)
Batting: LHB Fumito Sakurai 0-0: Ball
1-0: Ball
2-0: Swinging Strike
2-1: Called Strike
2-2: Strikes out looking
Top of the 1st over - 0 runs, 0 hits, 0 errors, 0 left on base; University of Conneticut 0 - University of Alabama 0
BOTTOM OF THE 1ST
University of Alabama Crimson Tide batting - Pitching for University of Conneticut Huskies : LHP Bill Kovac
Pitching: LHP Bill Kovac
Batting: RHB Tan-ming Kwan 0-0: Ball
1-0: Ball
2-0: Called Strike
2-1: Ball
3-1: SINGLE (Groundball, 4M, EV 97.5 MPH)
Batting: RHB Hugo Chavez 0-0: DOUBLE (Flyball, 8RD, EV 98.1 MPH)
Tan-ming Kwan to third
Batting: RHB Jose Cuellar 0-0: Called Strike
0-1: Called Strike
0-2: Ball
1-2: Ball
2-2: Ball
3-2: Base on Balls
Batting: LHB Ben Roth 0-0: Called Strike
0-1: GRAND SLAM HOME RUN (Flyball, 89XD, EV 98.1 MPH), Distance : 409 ft
Batting: RHB Rod Johnson 0-0: Ground out 6-3 (Groundball, 6, EV 83.1 MPH)
Batting: LHB Isaiah Spitzbarth 0-0: Called Strike
0-1: Ball
1-1: Swinging Strike
1-2: Strikes out swinging
Batting: LHB Ricardo Torres 0-0: Swinging Strike
0-1: Ball
1-1: Foul Ball, location: 2F
1-2: Foul Ball, location: 2F
1-2: Foul Ball, location: 2F
1-2: Fly out, F7 (Flyball, 78M, EV 85.0 MPH)
Bottom of the 1st over - 4 runs, 3 hits, 0 errors, 0 left on base; University of Conneticut 0 - University of Alabama 4
TOP OF THE 2ND
University of Conneticut Huskies batting - Pitching for University of Alabama Crimson Tide : RHP Jeff van Schaik
Batting: LHB Bill Kovac 0-0: SINGLE (Groundball, P, EV 81.9 MPH) (infield hit)
Batting: LHB Sergei Stefanov 0-0: Foul Ball, location: 2F
0-1: Ball
1-1: Ball
2-1: Swinging Strike
2-2: Ball
3-2: Foul Ball, location: 2F
3-2: Fielders Choice at 2nd, 4-6 (Groundball, 4, EV 86.2 MPH)
Batting: LHB Yashiya Nakata 0-0: Called Strike
0-1: Fielders Choice at 2nd, 1-6 (Groundball, 13S, EV 67.5 MPH)
Batting: LHB Enzo Aguello 0-0: Foul Ball, location: 2F
0-1: 2-RUN HOME RUN (Flyball, 9LD, EV 93.1 MPH), Distance : 343 ft
Batting: RHB Mustafa bin Gamali 0-0: Foul Ball, location: 2F
0-1: Ball
1-1: Foul Ball, location: 2F
1-2: Strikes out swinging
Top of the 2nd over - 2 runs, 2 hits, 0 errors, 0 left on base; University of Conneticut 2 - University of Alabama 4
BOTTOM OF THE 2ND
University of Alabama Crimson Tide batting - Pitching for University of Conneticut Huskies : LHP Bill Kovac
Batting: LHB Yu-shu Ni 0-0: Called Strike
0-1: Foul Ball, location: 2F
0-2: Strikes out swinging
Batting: LHB Eddie Corona 0-0: Ball
1-0: Foul Ball, location: 2F
1-1: Ball
2-1: Ball
3-1: Base on Balls
Batting: RHB Tan-ming Kwan 0-0: Swinging Strike
0-1: Swinging Strike
0-2: Foul Ball, location: 2F
0-2: Ball
1-2: Ball
2-2: Single, Error in OF, E8, batter to second base (Line Drive, 8LS, EV 104.4 MPH)
Eddie Corona to third
Batting: RHB Hugo Chavez 0-0: Ball
1-0: SINGLE (Flyball, 9, EV 82.5 MPH)
Eddie Corona scores
Tan-ming Kwan to third
Pitching: RHP Ayub Shukrani
Batting: RHB Jose Cuellar 0-0: Ball
1-0: Swinging Strike
1-1: Ball
2-1: Ball
3-1: Base on Balls
Hugo Chavez to second
Batting: LHB Ben Roth 0-0: Ball
1-0: Ball
2-0: Foul Ball, location: 2F
2-1: Foul Ball, location: 2F
2-2: Hit by Pitch
Tan-ming Kwan scores
Hugo Chavez to third
Jose Cuellar to second
Batting: RHB Rod Johnson 0-0: Called Strike
0-1: Foul Ball, location: 2F
0-2: Strikes out swinging
Batting: LHB Isaiah Spitzbarth 0-0: Ball
1-0: Ball
2-0: Ball
3-0: Base on Balls
Hugo Chavez scores
Jose Cuellar to third
Ben Roth to second
Batting: LHB Ricardo Torres 0-0: Fielders Choice at 2nd, 6-4 (Groundball, 6, EV 91.2 MPH)
Bottom of the 2nd over - 3 runs, 2 hits, 1 error, 3 left on base; University of Conneticut 2 - University of Alabama 7
TOP OF THE 3RD
University of Conneticut Huskies batting - Pitching for University of Alabama Crimson Tide : RHP Jeff van Schaik
Batting: LHB Clint Hanninen 0-0: Ball
1-0: Swinging Strike
1-1: Ball
2-1: Foul Ball, location: 2F
2-2: Strikes out swinging
Batting: RHB Hugo Priego 0-0: SINGLE (Line Drive, 7LM, EV 96.9 MPH)
Batting: RHB Alejandro Collazo 0-0: Ball
1-0: Ball
2-0: SINGLE (Line Drive, 78S, EV 111.9 MPH)
Hugo Priego to second
Batting: LHB Fumito Sakurai 0-0: Foul Ball, location: 2F
0-1: Called Strike
0-2: Foul Ball, location: 2F
0-2: Strikes out swinging
Batting: LHB Bill Kovac 0-0: Called Strike
0-1: Ball
1-1: SINGLE (Line Drive, 78S, EV 110.6 MPH)
Hugo Priego to third
Alejandro Collazo to second
Runner from 3rd tries for Home, SAFE, throw by LF to home
Batting: LHB Sergei Stefanov 0-0: Called Strike
0-1: Called Strike
0-2: Ball
1-2: Strikes out swinging
Top of the 3rd over - 1 run, 3 hits, 0 errors, 2 left on base; University of Conneticut 3 - University of Alabama 7
BOTTOM OF THE 3RD
University of Alabama Crimson Tide batting - Pitching for University of Conneticut Huskies : RHP Ayub Shukrani
Batting: LHB Yu-shu Ni 0-0: Ground out 6-3 (Groundball, 6, EV 85.0 MPH)
Batting: LHB Eddie Corona 0-0: Fly out, F8 (Flyball, 8RM, EV 92.5 MPH)
Batting: RHB Tan-ming Kwan 0-0: Foul Ball, location: 2F
0-1: Ball
1-1: Foul Ball, location: 2F
1-2: Reached on error, E5 (Groundball, 56S, EV 88.8 MPH)
Batting: RHB Hugo Chavez 0-0: Called Strike
0-1: Called Strike
0-2: Ball
1-2: Ball
2-2: Ball
3-2: Fly out, F7 (Flyball, 78M, EV 78.8 MPH)
Bottom of the 3rd over - 0 runs, 0 hits, 1 error, 1 left on base; University of Conneticut 3 - University of Alabama 7
TOP OF THE 4TH
University of Conneticut Huskies batting - Pitching for University of Alabama Crimson Tide : RHP Jeff van Schaik
Batting: LHB Yashiya Nakata 0-0: Foul Ball, location: 2F
0-1: Ball
1-1: Ground out 4-3 (Groundball, 4, EV 81.9 MPH)
Batting: LHB Enzo Aguello 0-0: Ground out 3-1 (Groundball, 34S, EV 93.1 MPH)
Batting: RHB Mustafa bin Gamali 0-0: Swinging Strike
0-1: Foul Ball, location: 2F
0-2: Ball
1-2: Strikes out swinging
Top of the 4th over - 0 runs, 0 hits, 0 errors, 0 left on base; University of Conneticut 3 - University of Alabama 7
BOTTOM OF THE 4TH
University of Alabama Crimson Tide batting - Pitching for University of Conneticut Huskies : RHP Ayub Shukrani
Batting: RHB Jose Cuellar 0-0: Called Strike
0-1: Ball
1-1: Swinging Strike
1-2: Reached on error, E6 (Groundball, 6, EV 77.5 MPH)
Batting: LHB Ben Roth 0-0: Ball
1-0: Ball
2-0: Ball
3-0: Base on Balls
Jose Cuellar to second
Batting: RHB Rod Johnson 0-0: Ball
1-0: DOUBLE (Flyball, 89XD, EV 95.6 MPH)
Jose Cuellar scores
Ben Roth to third
Batting: LHB Isaiah Spitzbarth 0-0: Swinging Strike
0-1: DOUBLE (Line Drive, 89D, EV 113.1 MPH)
Ben Roth scores
Rod Johnson scores
Batting: LHB Ricardo Torres 0-0: Fly out, F7 (Line Drive, 7S, EV 91.9 MPH)
Batting: LHB Yu-shu Ni 0-0: Ball
1-0: SINGLE (Groundball, 25, EV 71.9 MPH) (infield hit)
Isaiah Spitzbarth to third
Batting: LHB Eddie Corona 0-0: 3-RUN HOME RUN (Flyball, 89XD, EV 105.0 MPH), Distance : 410 ft
Pitching: RHP Euan Irvine
Batting: RHB Tan-ming Kwan 0-0: Ball
1-0: Called Strike
1-1: Ball
2-1: Foul Ball, location: 2F
2-2: Ball
3-2: Fly out, F8 (Flyball, 8LM, EV 86.2 MPH)
Batting: RHB Hugo Chavez 0-0: Called Strike
0-1: SINGLE (Line Drive, 9LM, EV 94.4 MPH)
Batting: RHB Jose Cuellar 0-0: Called Strike
0-1: Called Strike
0-2: Ball
1-2: Fielders Choice at 2nd, 6-4 (Groundball, 6, EV 81.2 MPH)
Bottom of the 4th over - 6 runs, 5 hits, 1 error, 1 left on base; University of Conneticut 3 - University of Alabama 13
TOP OF THE 5TH
University of Conneticut Huskies batting - Pitching for University of Alabama Crimson Tide : RHP Jeff van Schaik
Batting: LHB Clint Hanninen 0-0: Called Strike
0-1: Ball
1-1: Fly out, F8 (Flyball, 8LD, EV 95.6 MPH)
Batting: RHB Hugo Priego 0-0: Foul Ball, location: 2F
0-1: Ball
1-1: Foul Ball, location: 2F
1-2: Foul Ball, location: 2F
1-2: Ball
2-2: Strikes out looking
Batting: RHB Alejandro Collazo 0-0: Called Strike
0-1: Swinging Strike
0-2: Ball
1-2: Strikes out looking
Top of the 5th over - 0 runs, 0 hits, 0 errors, 0 left on base; University of Conneticut 3 - University of Alabama 13
BOTTOM OF THE 5TH
University of Alabama Crimson Tide batting - Pitching for University of Conneticut Huskies : RHP Euan Irvine
Batting: LHB Ben Roth 0-0: Ball
1-0: Foul Ball, location: 2F
1-1: Foul Ball, location: 2F
1-2: Foul Ball, location: 2F
1-2: Ball
2-2: Hit by Pitch
Batting: RHB Rod Johnson 0-0: Swinging Strike
0-1: Ball
1-1: Fielders Choice at 2nd, 5-4 (Groundball, 15, EV 85.0 MPH)
Batting: LHB Isaiah Spitzbarth 0-0: Swinging Strike
0-1: Ball
1-1: Swinging Strike
1-2: Strikes out swinging
Batting: LHB Ricardo Torres 0-0: Ball
1-0: Foul Ball, location: 2F
1-1: Called Strike
1-2: Ground out 3-1 (Groundball, 34, EV 88.8 MPH)
Bottom of the 5th over - 0 runs, 0 hits, 0 errors, 1 left on base; University of Conneticut 3 - University of Alabama 13
TOP OF THE 6TH
University of Conneticut Huskies batting - Pitching for University of Alabama Crimson Tide : RHP Jeff van Schaik
Batting: LHB Fumito Sakurai 0-0: Ball
1-0: Foul Ball, location: 2F
1-1: Ground out 4-3 (Groundball, 4, EV 106.2 MPH)
Batting: LHB Bill Kovac 0-0: Foul Ball, location: 2F
0-1: Foul Ball, location: 2F
0-2: Ball
1-2: Ball
2-2: Ball
3-2: Base on Balls
Pitching: RHP Hugo Rodriguez
Batting: LHB Sergei Stefanov 0-0: Ball
1-0: Ball
2-0: Ball
3-0: Base on Balls
Bill Kovac to second
Batting: LHB Yashiya Nakata 0-0: Ball
1-0: Reached on error, E6 (Groundball, 6, EV 92.5 MPH)
Bill Kovac to third
Sergei Stefanov to second
Batting: LHB Enzo Aguello 0-0: Called Strike
0-1: Foul Ball, location: 2F
0-2: Ball
1-2: Strikes out swinging
Batting: RHB Mustafa bin Gamali 0-0: Called Strike
0-1: Ball
1-1: Ball
2-1: SINGLE (Line Drive, 56, EV 101.9 MPH)
Bill Kovac scores
Sergei Stefanov to third
Yashiya Nakata to second
Batting: LHB Clint Hanninen 0-0: Foul Ball, location: 2F
0-1: Swinging Strike
0-2: Ball
1-2: Foul Ball, location: 2F
1-2: Ground out 2-3 (Groundball, 2L, EV 68.1 MPH)
Top of the 6th over - 1 run, 1 hit, 1 error, 3 left on base; University of Conneticut 4 - University of Alabama 13
BOTTOM OF THE 6TH
University of Alabama Crimson Tide batting - Pitching for University of Conneticut Huskies : RHP Euan Irvine
Batting: LHB Yu-shu Ni 0-0: Ball
1-0: Ball
2-0: Foul Ball, location: 2F
2-1: Foul Ball, location: 2F
2-2: Strikes out swinging
Batting: LHB Eddie Corona 0-0: Called Strike
0-1: Fly out, F7 (Line Drive, 7S, EV 90.0 MPH)
Batting: RHB Tan-ming Kwan 0-0: Called Strike
0-1: Ground out 5-3 (Groundball, 56S, EV 80.6 MPH)
Bottom of the 6th over - 0 runs, 0 hits, 0 errors, 0 left on base; University of Conneticut 4 - University of Alabama 13
TOP OF THE 7TH
University of Conneticut Huskies batting - Pitching for University of Alabama Crimson Tide : RHP Hugo Rodriguez
Batting: RHB Hugo Priego 0-0: Ground out 6-3 (Groundball, 6, EV 94.4 MPH)
Batting: RHB Alejandro Collazo 0-0: Foul Ball, location: 2F
0-1: Ball
1-1: Swinging Strike
1-2: Ball
2-2: Ball
3-2: SINGLE (Groundball, 6M, EV 105.6 MPH)
Batting: LHB Fumito Sakurai 0-0: Ball
1-0: SINGLE (Line Drive, 4MD, EV 97.5 MPH)
Alejandro Collazo to second
Batting: LHB Bill Kovac 0-0: Called Strike
0-1: Ball
1-1: Ball
2-1: Grounds into double play, U5-3 (Groundball, 5L, EV 85.6 MPH)
Top of the 7th over - 0 runs, 2 hits, 0 errors, 1 left on base; University of Conneticut 4 - University of Alabama 13
BOTTOM OF THE 7TH
University of Alabama Crimson Tide batting - Pitching for University of Conneticut Huskies : RHP Euan Irvine
Batting: RHB Hugo Chavez 0-0: Swinging Strike
0-1: Called Strike
0-2: Ball
1-2: Strikes out swinging
Batting: RHB Jose Cuellar 0-0: Ball
1-0: Swinging Strike
1-1: DOUBLE (Line Drive, 7LS, EV 113.1 MPH)
Batting: LHB Ben Roth 0-0: Ball
1-0: Ball
2-0: Ball
3-0: Base on Balls
Batting: RHB Rod Johnson 0-0: Called Strike
0-1: Ball
1-1: Called Strike
1-2: Foul Ball, location: 2F
1-2: Ball
2-2: Strikes out swinging
Batting: LHB Isaiah Spitzbarth 0-0: Swinging Strike
0-1: Ball
1-1: Ball
2-1: Ball
3-1: DOUBLE (Flyball, 8RXD, EV 100.0 MPH)
Jose Cuellar scores
Ben Roth to third
Runner from 3rd tries for Home, SAFE, throw by CF to trailing runner, OUT at third! 8-3-5
Bottom of the 7th over - 2 runs, 2 hits, 0 errors, 0 left on base; University of Conneticut 4 - University of Alabama 15
TOP OF THE 8TH
University of Conneticut Huskies batting - Pitching for University of Alabama Crimson Tide : RHP Hugo Rodriguez
Pitching: RHP Man-keung Li
Batting: LHB Sergei Stefanov 0-0: Foul Ball, location: 2F
0-1: Ball
1-1: Foul Ball, location: 2F
1-2: Foul Ball, location: 2F
1-2: Ball
2-2: Foul Ball, location: 2F
2-2: Foul Ball, location: 2F
2-2: Ball
3-2: Strikes out swinging
Batting: LHB Yashiya Nakata 0-0: Called Strike
0-1: Fly out, F7 (Flyball, 7D, EV 101.9 MPH)
Pinch Hitting: SHB Ismael Vega 0-0: Foul Ball, location: 2F
0-1: Fly out, F7 (Flyball, 7, EV 90.0 MPH)
Top of the 8th over - 0 runs, 0 hits, 0 errors, 0 left on base; University of Conneticut 4 - University of Alabama 15
BOTTOM OF THE 8TH
University of Alabama Crimson Tide batting - Pitching for University of Conneticut Huskies : RHP Euan Irvine
Now at 1B: Adrian Segovia
Batting: LHB Ricardo Torres 0-0: Ball
1-0: SOLO HOME RUN (Line Drive, 89XD, EV 100.6 MPH), Distance : 410 ft
Pitching: RHP Tom DeLaurentis
Batting: LHB Yu-shu Ni 0-0: Ball
1-0: Fly out, F6 (Line Drive, 56D, EV 74.4 MPH)
Batting: LHB Eddie Corona 0-0: Called Strike
0-1: Fly out, F7 (Flyball, 7LM, EV 83.8 MPH)
Batting: RHB Tan-ming Kwan 0-0: Ball
1-0: Fly out, F3 (Popup, 34S, EV 75.0 MPH)
Bottom of the 8th over - 1 run, 1 hit, 0 errors, 0 left on base; University of Conneticut 4 - University of Alabama 16
TOP OF THE 9TH
University of Conneticut Huskies batting - Pitching for University of Alabama Crimson Tide : RHP Man-keung Li
Pinch Hitting: RHB Alfredo Reguera 0-0: Swinging Strike
0-1: Ground out 1-3 (Groundball, 15S, EV 63.1 MPH)
Pinch Hitting: RHB Juan Vasquez 0-0: Called Strike
0-1: Foul Ball, location: 2F
0-2: Ball
1-2: SINGLE (Groundball, 6MD, EV 105.0 MPH)
Batting: RHB Hugo Priego 0-0: Called Strike
0-1: Ball
1-1: Fly out, F8 (Line Drive, 8RM, EV 104.4 MPH)
Batting: RHB Alejandro Collazo 0-0: Swinging Strike
0-1: Fly out, F9 (Line Drive, 9, EV 100.6 MPH)
Top of the 9th over - 0 runs, 1 hit, 0 errors, 1 left on base; University of Conneticut 4 - University of Alabama 16
Wednesday, June 22nd , 2022 - OOTP Baseball 23.4 Build 64